[Event "RUS-ch Boys U21 2021"]
[Site "Loo"]
[Date "2021.04.23"]
[Round "3.10"]
[White "Golikov, Daniil"]
[Black "Shemyakin, Valeriy"]
[Result "1-0"]
[ECO "A44"]
[WhiteElo "2250"]
[BlackElo "2168"]
[Annotator "NA"]
[PlyCount "81"]
[EventDate "2021.04.21"]
[EventType "swiss"]
[EventCountry "RUS"]
[SourceTitle "playchess.com"]
[Source "ChessBase"]
[SourceQuality "1"]
[TimeControl "40/5400+30:1800+30"]

1. d4 c5 2. d5 e5 3. Nc3 d6 4. Nf3 Be7 5. e4 Nf6 6. a4 Nbd7 7. Bd3 O-O 8. h3 Re8 9. O-O Nf8 10. a5 Ng6 11. a6 bxa6 12. Bxa6 Bd7 13. Be3 Nf4 14. Qd2 N6h5 15. b4 cxb4 16. Na2 b3 17. cxb3 f5 18. exf5 Bxf5 19. Nc3 Rf8 20. Kh2 Nxg2 21. Rg1 Nxe3 22. Qxe3 Nf4 23. Rg3 Qb6 24. Bc4 Nh5 25. Rgg1 Qxe3 26. fxe3 Bxh3 27. Nxe5 Bf6 28. Kxh3 Bxe5 29. Nb5 Rf3+ 30. Kg4 Raf8 31. Raf1 Rxf1 32. Rxf1 Rxf1 33. Bxf1 Nf6+ 34. Kf5 a5 35. Ke6 Ne4 36. Ke7 Nd2 37. Bh3 h5 38. Be6+ Kh7 39. Nxd6 Bxd6+ 40. Kxd6 Nxb3 41. Kc6 1-0

[Event "RUS-ch Boys U21 2021"]
[Site "Loo"]
[Date "2021.04.23"]
[Round "3.11"]
[White "Marchuk, Rostislav"]
[Black "Makovich, Andrey"]
[Result "0-1"]
[ECO "D02"]
[WhiteElo "2080"]
[BlackElo "2171"]
[Annotator "NA"]
[PlyCount "86"]
[EventDate "2021.04.21"]
[EventType "swiss"]
[EventCountry "RUS"]
[SourceTitle "playchess.com"]
[Source "ChessBase"]
[SourceQuality "1"]
[TimeControl "40/5400+30:1800+30"]

1. d4 d5 2. Nf3 Nf6 3. Bf4 c5 4. e3 cxd4 5. exd4 Nc6 6. c3 Bf5 7. Ne5 Nd7 8. Qb3 Ncxe5 9. Bxe5 Qb6 10. Bb5 e6 11. a4 Bd6 12. Nd2 Qc7 13. Bxd6 Qxd6 14. c4 b6 15. Qa3 Ke7 16. b4 Nf6 17. c5 Qf4 18. Nf3 Be4 19. Qc1 Qg4 20. Ne5 Qxg2 21. Nc6+ Kf8 22. Qf4 h6 23. Ke2 Qg5 24. Qxg5 hxg5 25. f3 Bf5 26. Ba6 g4 27. Bb7 gxf3+ 28. Kf2 Ne4+ 29. Kxf3 Rh3+ 30. Kg2 Re8 31. Ne5 Ng5 32. Rhf1 f6 33. c6 Be4+ 34. Kg1 Ke7 35. c7 fxe5 36. dxe5 Rc3 37. Rfc1 Nh3+ 38. Kf1 Rf8+ 39. Ke1 Re3+ 40. Kd2 Rd3+ 41. Ke1 Rf2 42. Rc6 Re3+ 43. Kd1 Bf3+ 0-1

[Event "RUS-ch Boys U21 2021"]
[Site "Loo"]
[Date "2021.04.23"]
[Round "3.12"]
[White "Sidorov, Dmitry I"]
[Black "Kyshtymov, Daniil"]
[Result "1/2-1/2"]
[ECO "E62"]
[WhiteElo "2139"]
[BlackElo "2137"]
[Annotator "NA"]
[PlyCount "81"]
[EventDate "2021.04.21"]
[EventType "swiss"]
[EventCountry "RUS"]
[SourceTitle "playchess.com"]
[Source "ChessBase"]
[SourceQuality "1"]
[TimeControl "40/5400+30:1800+30"]

1. d4 Nf6 2. c4 g6 3. Nc3 Bg7 4. g3 O-O 5. Bg2 d6 6. Nf3 Nc6 7. O-O Bg4 8. Be3 Nd7 9. d5 Na5 10. Bd4 Nf6 11. c5 c6 12. cxd6 exd6 13. dxc6 bxc6 14. Rc1 Nc4 15. Ne4 Bxf3 16. Bxf3 d5 17. Nxf6+ Bxf6 18. b3 Na5 19. Rc5 Bxd4 20. Qxd4 Qb6 21. Rd1 Rfd8 22. e3 Rac8 23. h4 Nb7 24. Rc2 Nd6 25. Qxb6 axb6 26. Rdc1 c5 27. Bxd5 Nb5 28. Rd2 Kg7 29. a4 Nd4 30. exd4 Rxd5 31. Kf1 Rcd8 32. Ke2 Rxd4 33. Rxd4 Rxd4 34. a5 bxa5 35. Rxc5 a4 36. bxa4 Rxa4 37. Kf3 Ra3+ 38. Kg2 Ra2 39. Kf3 Ra3+ 40. Kg2 Ra2 41. Kf3 1/2-1/2

[Event "RUS-ch Boys U21 2021"]
[Site "Loo"]
[Date "2021.04.24"]
[Round "4.1"]
[White "Obgolts, Erik"]
[Black "Tsvetkov, Andrey"]
[Result "0-1"]
[ECO "B90"]
[WhiteElo "2414"]
[BlackElo "2404"]
[Annotator "ChessBase"]
[PlyCount "130"]
[EventDate "2021.04.21"]
[EventType "swiss"]
[EventCountry "RUS"]
[SourceTitle "playchess.com"]
[Source "ChessBase"]
[SourceQuality "1"]
[TimeControl "40/5400+30:1800+30"]

1. e4 c5 2. Nf3 d6 3. d4 cxd4 4. Nxd4 Nf6 5. Nc3 a6 6. Be3 Ng4 7. Bg5 h6 8. Bh4 g5 9. Bg3 Bg7 10. h3 Ne5 11. Nf5 Bxf5 12. exf5 Nbc6 13. Nd5 e6 14. fxe6 fxe6 15. Ne3 Qa5+ 16. c3 Nf3+ 17. gxf3 Bxc3+ 18. bxc3 Qxc3+ 19. Qd2 Qxa1+ 20. Nd1 Rc8 21. Bd3 O-O 22. O-O Nd4 23. Kg2 Nxf3 24. Qe2 Qf6 25. Ne3 Nd4 26. Qd1 Qf3+ 27. Qxf3 Nxf3 28. Rd1 d5 29. Be2 Nh4+ 30. Bxh4 gxh4 31. Rd4 Rfd8 32. Bd1 Rc1 33. Bb3 b5 34. a4 Rc3 35. Bd1 Kf8 36. axb5 axb5 37. Be2 e5 38. Rxh4 d4 39. Nf5 d3 40. Bd1 Rc6 41. Rb4 Rc5 42. Rh4 Rc6 43. Rb4 Rc1 44. Ne3 Rc5 45. Kf1 Rd4 46. Rb1 Rd6 47. Ra1 Rb6 48. Bb3 Rbc6 49. Bd1 Kg7 50. Ke1 Rc1 51. Rxc1 Rxc1 52. Kd2 Rc8 53. Kxd3 Rf8 54. Ke4 Rxf2 55. Kxe5 Rd2 56. h4 b4 57. Ke4 Kg6 58. Ba4 Rh2 59. Be8+ Kg7 60. Nf5+ Kf6 61. Bb5 b3 62. Nxh6 Rxh4+ 63. Kd3 Rb4 64. Ng4+ Rxg4 65. Kc3 b2 0-1

[Event "RUS-ch Boys U21 2021"]
[Site "Loo"]
[Date "2021.04.24"]
[Round "4.2"]
[White "Lobanov, Sergei"]
[Black "Dudin, Gleb"]
[Result "1/2-1/2"]
[ECO "B12"]
[WhiteElo "2520"]
[BlackElo "2418"]
[Annotator "ChessBase"]
[PlyCount "81"]
[EventDate "2021.04.21"]
[EventType "swiss"]
[EventCountry "RUS"]
[SourceTitle "playchess.com"]
[Source "ChessBase"]
[SourceQuality "1"]
[TimeControl "40/5400+30:1800+30"]

1. e4 c6 2. d4 d5 3. e5 c5 4. dxc5 e6 5. a3 Bxc5 6. Qg4 Ne7 7. b4 h5 8. Qg5 Bb6 9. Nf3 Ng6 10. Qxd8+ Bxd8 11. Bd3 Nh4 12. Nxh4 Bxh4 13. Nd2 a5 14. bxa5 Rxa5 15. Bb2 Be7 16. c4 Nd7 17. Nb3 Nc5 18. Nxc5 Rxc5 19. cxd5 Rxd5 20. Ke2 Bd7 21. Be4 Rb5 22. Bd4 Bc5 23. Bxc5 Rxc5 24. f4 Bb5+ 25. Ke3 Bc6 26. Bxc6+ Rxc6 27. Rhd1 Ke7 28. Rab1 Rc7 29. Rd3 Ra8 30. Rdb3 g6 31. Rxb7 Rxa3+ 32. Kf2 Rxb7 33. Rxb7+ Kf8 34. h4 Kg7 35. Rc7 Rd3 36. Ra7 Rb3 37. Rc7 Rd3 38. Ra7 Rb3 39. Rc7 Ra3 40. Rb7 Rc3 41. Ra7 1/2-1/2

[Event "RUS-ch Boys U21 2021"]
[Site "Loo"]
[Date "2021.04.24"]
[Round "4.3"]
[White "Murzin, Volodar"]
[Black "Makoveev, Ilya"]
[Result "1-0"]
[ECO "C63"]
[WhiteElo "2478"]
[BlackElo "2315"]
[Annotator "ChessBase"]
[PlyCount "75"]
[EventDate "2021.04.21"]
[EventType "swiss"]
[EventCountry "RUS"]
[SourceTitle "playchess.com"]
[Source "ChessBase"]
[SourceQuality "1"]
[TimeControl "40/5400+30:1800+30"]

1. e4 e5 2. Nf3 Nc6 3. Bb5 f5 4. Nc3 fxe4 5. Nxe4 Nf6 6. Qe2 d5 7. Nxf6+ gxf6 8. d4 Bg7 9. O-O O-O 10. Bxc6 bxc6 11. dxe5 Re8 12. e6 Rxe6 13. Be3 c5 14. Rfd1 Ba6 15. Qd2 d4 16. c3 Rd6 17. cxd4 cxd4 18. Bf4 Rd5 19. b4 Qd7 20. Rac1 c6 21. Re1 Rd8 22. Re4 Bf8 23. Rce1 Bc8 24. Bh6 Qf7 25. Bxf8 Qxf8 26. Rxd4 Rxd4 27. Nxd4 c5 28. bxc5 Qxc5 29. Re4 Qb6 30. h3 Qb1+ 31. Re1 Rxd4 32. Qc3 Qb4 33. Qxc8+ Kg7 34. Qc7+ Kh6 35. Re7 Qb1+ 36. Kh2 Qf5 37. Qg3 Qf4 38. Rxa7 1-0

[Event "RUS-ch Boys U21 2021"]
[Site "Loo"]
[Date "2021.04.24"]
[Round "4.4"]
[White "Shubin, Kirill"]
[Black "Golikov, Daniil"]
[Result "1/2-1/2"]
[ECO "C14"]
[WhiteElo "2466"]
[BlackElo "2250"]
[Annotator "ChessBase"]
[PlyCount "96"]
[EventDate "2021.04.21"]
[EventType "swiss"]
[EventCountry "RUS"]
[SourceTitle "playchess.com"]
[Source "ChessBase"]
[SourceQuality "1"]
[TimeControl "40/5400+30:1800+30"]

1. e4 e6 2. d4 d5 3. Nc3 Nf6 4. Bg5 Be7 5. e5 Nfd7 6. Bxe7 Qxe7 7. f4 O-O 8. Nf3 c5 9. Nb5 Nc6 10. c3 cxd4 11. cxd4 Qb4+ 12. Qd2 Nb6 13. Nd6 Qxd2+ 14. Kxd2 Rb8 15. Rc1 Bd7 16. Bd3 Nc8 17. Nxc8 Rbxc8 18. g4 Ne7 19. Ke3 Rxc1 20. Rxc1 Rc8 21. Rg1 Rf8 22. h4 g6 23. h5 Kg7 24. Rh1 h6 25. g5 gxh5 26. Rxh5 Rh8 27. gxh6+ Rxh6 28. Rg5+ Kf8 29. Rg3 Nc6 30. a3 Rh1 31. Rg1 Rxg1 32. Nxg1 Ke7 33. Nf3 a6 34. Nd2 a5 35. Nb1 f6 36. Nc3 fxe5 37. fxe5 Na7 38. Kd2 Be8 39. Bf1 Bd7 40. Bd3 Be8 41. Ne2 Bb5 42. Bxb5 Nxb5 43. Kd3 Kd7 44. Kc2 Nc7 45. Kb3 b6 46. Ka4 Kc6 47. Nf4 Kd7 48. Nh3 Ke8 1/2-1/2

[Event "RUS-ch Boys U21 2021"]
[Site "Loo"]
[Date "2021.04.24"]
[Round "4.5"]
[White "Pavlov, Danila"]
[Black "Pogosyan, Stefan"]
[Result "1-0"]
[ECO "B47"]
[WhiteElo "2360"]
[BlackElo "2444"]
[Annotator "NA"]
[PlyCount "75"]
[EventDate "2021.04.21"]
[EventType "swiss"]
[EventCountry "RUS"]
[SourceTitle "playchess.com"]
[Source "ChessBase"]
[SourceQuality "1"]
[TimeControl "40/5400+30:1800+30"]

1. e4 c5 2. Nf3 Nc6 3. d4 cxd4 4. Nxd4 e6 5. Nc3 Qc7 6. g3 a6 7. Bg2 Nf6 8. O-O Bc5 9. Nb3 Ba7 10. Qe2 Ne5 11. Kh1 h5 12. f4 Nc4 13. e5 Ng4 14. Ne4 d5 15. exd6 Nxd6 16. Nxd6+ Qxd6 17. Bd2 Qc7 18. c4 e5 19. f5 Bd7 20. Na5 Rb8 21. b4 g6 22. fxg6 h4 23. g7 Rg8 24. h3 hxg3 25. hxg4 Rxg7 26. Be3 Bxg4 27. Qe1 Be6 28. Bxa7 Qe7 29. Rf3 Qh4+ 30. Kg1 e4 31. Rf4 Qxf4 32. Bxb8 Qxb8 33. Qxe4 Qd8 34. Nxb7 Qd2 35. Qc6+ Bd7 36. Qb6 Be6 37. Nd6+ Ke7 38. Ne4 1-0

[Event "RUS-ch Boys U21 2021"]
[Site "Loo"]
[Date "2021.04.24"]
[Round "4.6"]
[White "Shpakov, Vladimir"]
[Black "Makarian, Rudik"]
[Result "0-1"]
[ECO "A41"]
[WhiteElo "1871"]
[BlackElo "2468"]
[Annotator "ChessBase"]
[PlyCount "60"]
[EventDate "2021.04.21"]
[EventType "swiss"]
[EventCountry "RUS"]
[SourceTitle "playchess.com"]
[Source "ChessBase"]
[SourceQuality "1"]
[TimeControl "40/5400+30:1800+30"]

1. d4 d6 2. Nf3 f5 3. c4 Nf6 4. Nc3 g6 5. Bg5 Nbd7 6. d5 Bg7 7. Nd4 Nc5 8. e3 Nfe4 9. Nxe4 Nxe4 10. Bh4 c5 11. Nb3 Bxb2 12. Bd3 Bc3+ 13. Ke2 Bxa1 14. Qxa1 O-O 15. g4 Nf6 16. gxf5 Bxf5 17. Bxf5 gxf5 18. Qg1+ Kf7 19. Qg5 Rg8 20. Qxf5 Qd7 21. Qxd7 Nxd7 22. Nd2 a6 23. Rb1 b5 24. cxb5 axb5 25. Rxb5 Rgb8 26. Rxb8 Nxb8 27. Kd3 Ra3+ 28. Kc2 Rxa2+ 29. Kc3 Nd7 30. Nc4 Nf6 0-1

[Event "RUS-ch Boys U21 2021"]
[Site "Loo"]
[Date "2021.04.24"]
[Round "4.7"]
[White "Makovich, Andrey"]
[Black "Stukan, Martin"]
[Result "0-1"]
[ECO "A46"]
[WhiteElo "2171"]
[BlackElo "2390"]
[Annotator "NA"]
[PlyCount "74"]
[EventDate "2021.04.21"]
[EventType "swiss"]
[EventCountry "RUS"]
[SourceTitle "playchess.com"]
[Source "ChessBase"]
[SourceQuality "1"]
[TimeControl "40/5400+30:1800+30"]

1. d4 Nf6 2. Nf3 d5 3. c4 e6 4. e3 Be7 5. Nbd2 O-O 6. Bd3 c5 7. b3 cxd4 8. exd4 Nc6 9. Bb2 b6 10. O-O Bb7 11. Qe2 Rc8 12. Rac1 Bd6 13. Rfe1 Qe7 14. Ne5 Ba3 15. Ndf3 Bxb2 16. Qxb2 h6 17. Nxc6 Rxc6 18. Ne5 Rc7 19. f4 dxc4 20. bxc4 Qd6 21. f5 exf5 22. Bxf5 Re7 23. c5 bxc5 24. dxc5 Qd5 25. Nf3 Rxe1+ 26. Nxe1 Ba8 27. Bb1 Re8 28. Nf3 Bc6 29. Qc2 g6 30. Qd2 Qh5 31. Qf4 Re2 32. Qxf6 Qg4 33. g3 Bxf3 34. Rd1 Rg2+ 35. Kf1 Qc4+ 36. Bd3 Qxc5 37. Qd8+ Kg7 0-1

[Event "RUS-ch Boys U21 2021"]
[Site "Loo"]
[Date "2021.04.24"]
[Round "4.8"]
[White "Zhafyarov, Adel"]
[Black "Marchenko, Nikolay"]
[Result "1/2-1/2"]
[ECO "A45"]
[WhiteElo "2252"]
[BlackElo "2062"]
[Annotator "ChessBase"]
[PlyCount "138"]
[EventDate "2021.04.21"]
[EventType "swiss"]
[EventCountry "RUS"]
[SourceTitle "playchess.com"]
[Source "ChessBase"]
[SourceQuality "1"]
[TimeControl "40/5400+30:1800+30"]

1. d4 Nf6 2. Bf4 c5 3. e3 Qb6 4. Na3 d6 5. Nc4 Qc7 6. a4 Nbd7 7. h3 g6 8. Nf3 Bg7 9. Be2 cxd4 10. exd4 Nd5 11. Bh2 O-O 12. O-O b6 13. Na3 Bb7 14. Re1 Rac8 15. c3 Qb8 16. a5 Rfe8 17. a6 Bc6 18. Qb3 h6 19. Bc4 e6 20. Nb5 Bxb5 21. Bxb5 Red8 22. Nd2 N7f6 23. Qa4 Qa8 24. c4 Ne7 25. d5 e5 26. f4 Nh5 27. g4 Nf6 28. fxe5 dxe5 29. Bxe5 Nfxd5 30. cxd5 Qxd5 31. Bxg7 Qc5+ 32. Kh1 Rxd2 33. Be5 Qd5+ 34. Qe4 Qxb5 35. Bc3 Rd7 36. Rad1 Rxd1 37. Rxd1 Qc6 38. Qxc6 Nxc6 39. Rd7 b5 40. Rb7 b4 41. Bf6 g5 42. h4 gxh4 43. Kg2 Re8 44. Rc7 Re6 45. Bxh4 Kg7 46. Bf2 Kg6 47. Kg3 Nb8 48. Rxa7 Rxa6 49. Rb7 Nc6 50. Bc5 Ra5 51. Bxb4 Nxb4 52. Rxb4 Ra1 53. Rb6+ Kg7 54. b4 Rb1 55. b5 Rb4 56. Kh3 Rb3+ 57. Kh4 Rb1 58. Rb8 Rb4 59. Kg3 Kh7 60. b6 Kg7 61. Kf3 Kh7 62. Ke3 Rxg4 63. Rf8 Kg7 64. b7 Kxf8 65. b8=Q+ Kg7 66. Qe5+ Kg8 67. Kf3 Rg6 68. Kf4 Re6 69. Qc3 Rg6 1/2-1/2

[Event "RUS-ch Boys U21 2021"]
[Site "Loo"]
[Date "2021.04.24"]
[Round "4.9"]
[White "Babanin, Gleb"]
[Black "Nesterov, Arseniy"]
[Result "1/2-1/2"]
[ECO "C95"]
[WhiteElo "2123"]
[BlackElo "2482"]
[Annotator "ChessBase"]
[PlyCount "94"]
[EventDate "2021.04.21"]
[EventType "swiss"]
[EventCountry "RUS"]
[SourceTitle "playchess.com"]
[Source "ChessBase"]
[SourceQuality "1"]
[TimeControl "40/5400+30:1800+30"]

1. e4 e5 2. Nf3 Nc6 3. Bb5 a6 4. Ba4 Nf6 5. O-O Be7 6. Re1 b5 7. Bb3 d6 8. c3 O-O 9. h3 Nb8 10. d4 Nbd7 11. Nbd2 Bb7 12. Bc2 Re8 13. Nf1 Bf8 14. Ng3 g6 15. a4 c5 16. d5 c4 17. Bg5 Rb8 18. axb5 axb5 19. Qd2 Bg7 20. Bh6 Bxh6 21. Qxh6 Qe7 22. Ra5 Bc8 23. Rea1 Qf8 24. Qg5 h6 25. Qe3 Nc5 26. Nd2 Kg7 27. Ne2 Qe7 28. Nc1 Qc7 29. R1a3 Bd7 30. Na2 Na4 31. Ra7 Qc8 32. Nb4 Nxb2 33. R3a6 Qc5 34. Ra2 Qxe3 35. fxe3 Na4 36. Bxa4 bxa4 37. Nxc4 Rec8 38. Nxd6 Rxc3 39. Nc6 Rb6 40. Rf2 a3 41. Nxf7 Rb2 42. Nfxe5 Rc1+ 43. Rf1 Rcc2 44. Nf3 Rxg2+ 45. Kh1 h5 46. Nce5 Nxe4 47. Rxd7+ Kg8 1/2-1/2

[Event "RUS-ch Boys U21 2021"]
[Site "Loo"]
[Date "2021.04.24"]
[Round "4.10"]
[White "Akhtariev, Andrey"]
[Black "Koliev, Irlan"]
[Result "1/2-1/2"]
[ECO "A16"]
[WhiteElo "2190"]
[BlackElo "2023"]
[Annotator "NA"]
[PlyCount "98"]
[EventDate "2021.04.21"]
[EventType "swiss"]
[EventCountry "RUS"]
[SourceTitle "playchess.com"]
[Source "ChessBase"]
[SourceQuality "1"]
[TimeControl "40/5400+30:1800+30"]

1. c4 Nf6 2. Nc3 g6 3. g3 d5 4. cxd5 Nxd5 5. Bg2 Nxc3 6. bxc3 Bg7 7. Qb3 c6 8. h4 O-O 9. h5 Qc7 10. Rb1 b6 11. hxg6 hxg6 12. Nh3 Bf5 13. e4 Bg4 14. Ba3 c5 15. Qd5 Rd8 16. Qg5 Qd7 17. Qe3 Nc6 18. f3 Be6 19. Bf1 Ne5 20. Bc1 Bxa2 21. Ra1 Bc4 22. Nf2 b5 23. Be2 Bxe2 24. Kxe2 c4 25. Ba3 a5 26. Rab1 Rab8 27. Bc5 Nd3 28. Nxd3 Qxd3+ 29. Qxd3 cxd3+ 30. Ke3 e5 31. Rb2 Rdc8 32. Ba3 b4 33. cxb4 Bf8 34. Rhb1 Rd8 35. f4 exf4+ 36. gxf4 a4 37. Rc1 Rb5 38. Rbb1 Bg7 39. Rc4 Rh5 40. e5 g5 41. Rg1 gxf4+ 42. Rxf4 Rxe5+ 43. Kf3 Re6 44. b5 Rb8 45. Rfg4 Rg6 46. Rxg6 fxg6 47. Rb1 Bf8 48. Bxf8 Kxf8 49. Ke4 a3 1/2-1/2

[Event "RUS-ch Boys U21 2021"]
[Site "Loo"]
[Date "2021.04.24"]
[Round "4.11"]
[White "Kyshtymov, Daniil"]
[Black "Vetokhin, Savva"]
[Result "0-1"]
[ECO "C42"]
[WhiteElo "2137"]
[BlackElo "2261"]
[Annotator "ChessBase"]
[PlyCount "148"]
[EventDate "2021.04.21"]
[EventType "swiss"]
[EventCountry "RUS"]
[SourceTitle "playchess.com"]
[Source "ChessBase"]
[SourceQuality "1"]
[TimeControl "40/5400+30:1800+30"]

1. e4 e5 2. Nf3 Nf6 3. Nxe5 d6 4. Nf3 Nxe4 5. Nc3 Nxc3 6. dxc3 Be7 7. Be3 O-O 8. Qd2 Nd7 9. O-O-O c6 10. c4 Ne5 11. Bf4 Nxf3 12. gxf3 Be6 13. Rg1 Bf6 14. Bxd6 Qb6 15. b3 c5 16. Qf4 Bc3 17. Be5 Bxe5 18. Qxe5 g6 19. Bd3 Rfe8 20. Qf6 Qd8 21. Qf4 Qa5 22. Kb2 Rac8 23. h4 Qc7 24. Qf6 Qe7 25. Qf4 Kg7 26. Be4 b6 27. Qg5 Qf6+ 28. Kb1 h6 29. Qg3 h5 30. Rd6 Rcd8 31. Rgd1 Rxd6 32. Rxd6 Qc3 33. Rd3 Qf6 34. a4 Bf5 35. Rd6 Qc3 36. Rd3 Qe1+ 37. Kb2 Bxe4 38. Re3 Qh1 39. fxe4 Rxe4 40. Rxe4 Qxe4 41. Kb1 Qd4 42. Ka2 a5 43. f3 Qf6 44. Kb1 Kh6 45. Ka2 g5 46. hxg5+ Qxg5 47. Qd6+ Qg6 48. Qf4+ Kg7 49. Kb1 Qf6 50. Qg3+ Kh6 51. f4 Qf5 52. Kb2 Qg4 53. Qe3 h4 54. Ka2 h3 55. Qe5 Kh7 56. Qe4+ Kh6 57. Qe5 Kg6 58. Qh8 Qh5 59. Qg8+ Kf5 60. Qc8+ Ke4 61. Qc6+ Ke3 62. Qh1 h2 63. f5 Kf2 64. f6 Qh3 65. Kb2 Qg2 66. Qc1 h1=Q 67. Qf4+ Qf3 68. Qd2+ Kg3 69. Qg5+ Qg4 70. Qe3+ Qhf3 71. Qe5+ Kg2 72. Ka2 Qfe4 73. Qb2 Qge2 74. Kb1 Qd1+ 0-1

[Event "RUS-ch Boys U21 2021"]
[Site "Loo"]
[Date "2021.04.24"]
[Round "4.12"]
[White "Shemyakin, Valeriy"]
[Black "Sidorov, Dmitry I"]
[Result "0-1"]
[ECO "A50"]
[WhiteElo "2168"]
[BlackElo "2139"]
[Annotator "NA"]
[PlyCount "46"]
[EventDate "2021.04.21"]
[EventType "swiss"]
[EventCountry "RUS"]
[SourceTitle "playchess.com"]
[Source "ChessBase"]
[SourceQuality "1"]
[TimeControl "40/5400+30:1800+30"]

1. d4 Nf6 2. c4 Nc6 3. Nc3 e5 4. d5 Ne7 5. e4 Ng6 6. Be3 Bb4 7. f3 Bxc3+ 8. bxc3 d6 9. c5 O-O 10. Ne2 Nh5 11. g3 f5 12. exf5 Bxf5 13. g4 Nh4 14. Ng3 Bd7 15. gxh5 Nxf3+ 16. Ke2 Qh4 17. Qd3 e4 18. Qxe4 Qf6 19. Bg2 Bb5+ 20. Kd1 Rae8 21. Bd4 Qg5 22. Bxf3 Rxf3 23. Qxf3 Ba4# 0-1

[Event "RUS-ch Boys U21 2021"]
[Site "Loo"]
[Date "2021.04.25"]
[Round "5.5"]
[White "Stukan, Martin"]
[Black "Shubin, Kirill"]
[Result "1-0"]
[ECO "C11"]
[WhiteElo "2390"]
[BlackElo "2466"]
[Annotator "RC"]
[PlyCount "96"]
[EventDate "2021.04.21"]
[EventType "swiss"]
[EventCountry "RUS"]
[SourceTitle "playchess.com"]
[Source "ChessBase"]
[SourceQuality "1"]
[TimeControl "40/5400+30:1800+30"]

1. e4 e6 2. d4 d5 3. Nc3 Nf6 4. Bg5 dxe4 5. Nxe4 Be7 6. Bxf6 gxf6 7. Qd2 c5 8. Nxc5 Bxc5 9. dxc5 Qxd2+ 10. Kxd2 Ke7 11. Nf3 a5 12. Ke3 Nd7 13. c6 bxc6 14. Be2 c5 15. Nd2 Bb7 16. Bf3 Bxf3 17. Kxf3 h5 18. Nc4 Ne5+ 19. Nxe5 fxe5 20. Rhe1 f6 21. Re4 Rhb8 22. b3 Rb4 23. Rd1 Rd4 24. Rdxd4 cxd4 25. Ke2 Rc8 26. Kd2 Kf7 27. Re1 h4 28. Re4 Rg8 29. g3 hxg3 30. hxg3 Rc8 31. f4 Rc5 32. fxe5 fxe5 33. c4 dxc3+ 34. Kc2 Kf6 35. Rc4 Rd5 36. Kxc3 Kf5 37. g4+ Kg5 38. Re4 Rc5+ 39. Kd3 Kf6 40. a3 Rd5+ 41. Kc4 Rd1 42. b4 axb4 43. axb4 Rc1+ 44. Kb5 Rf1 45. Kc5 Rc1+ 46. Rc4 Re1 47. b5 e4 48. Rb4 e5 1-0

[Event "RUS-ch Boys U21 2021"]
[Site "Loo"]
[Date "2021.04.26"]
[Round "6.1"]
[White "Dudin, Gleb"]
[Black "Tsvetkov, Andrey"]
[Result "1/2-1/2"]
[ECO "B13"]
[WhiteElo "2418"]
[BlackElo "2404"]
[Annotator "NA"]
[PlyCount "99"]
[EventDate "2021.04.21"]
[EventType "swiss"]
[EventCountry "RUS"]
[SourceTitle "playchess.com"]
[Source "ChessBase"]
[SourceQuality "1"]
[TimeControl "40/5400+30:1800+30"]

1. c4 c6 2. e4 d5 3. exd5 cxd5 4. d4 Nf6 5. Nc3 Nc6 6. Bg5 e6 7. cxd5 exd5 8. Bb5 Be7 9. Nf3 O-O 10. O-O Bg4 11. Bxc6 bxc6 12. h3 Bxf3 13. Qxf3 Qb6 14. Qe3 Rfe8 15. Qd2 h6 16. Be3 Bd6 17. Rac1 Re6 18. Rc2 Rae8 19. Bf4 Ne4 20. Nxe4 Bxf4 21. Qxf4 Qxd4 22. Qe3 Qxe3 23. fxe3 Rxe4 24. Rxc6 Rxe3 25. Rd6 Re2 26. Rf2 Rxf2 27. Kxf2 Rc8 28. Rxd5 Rc2+ 29. Kf3 Rxb2 30. Ra5 Rb7 31. h4 g6 32. g4 Re7 33. Ra6 Kg7 34. Kf4 Rc7 35. Kf3 Rc3+ 36. Kg2 Rc4 37. Kg3 Rc7 38. Kf3 f6 39. Kg3 h5 40. gxh5 gxh5 41. Ra5 Kg6 42. Kf3 Rc3+ 43. Kg2 Rc4 44. Kg3 Rc7 45. Kf3 Kh6 46. Kg3 Rc3+ 47. Kg2 Rc4 48. Kg3 Rg4+ 49. Kh3 Rg7 50. Kh2 1/2-1/2

[Event "RUS-ch Boys U21 2021"]
[Site "Loo"]
[Date "2021.04.26"]
[Round "6.2"]
[White "Lobanov, Sergei"]
[Black "Murzin, Volodar"]
[Result "0-1"]
[ECO "B12"]
[WhiteElo "2520"]
[BlackElo "2478"]
[Annotator "ChessBase"]
[PlyCount "69"]
[EventDate "2021.04.21"]
[EventType "swiss"]
[EventCountry "RUS"]
[SourceTitle "playchess.com"]
[Source "ChessBase"]
[SourceQuality "1"]
[TimeControl "40/5400+30:1800+30"]

1. e4 c6 2. d4 d5 3. e5 Bf5 4. Nf3 e6 5. Be2 Ne7 6. O-O h6 7. Nbd2 Nd7 8. Nb3 Bh7 9. a4 Ng6 10. g3 Be7 11. h4 O-O 12. h5 Nh8 13. a5 f6 14. c4 a6 15. cxd5 cxd5 16. Be3 Nf7 17. exf6 Bxf6 18. Rc1 Nd6 19. Bf4 Nc4 20. Bxc4 dxc4 21. Rxc4 Be4 22. Rc3 Bd5 23. Ne5 Bxe5 24. Bxe5 Nxe5 25. dxe5 Qg5 26. f4 Qe7 27. Nc5 Rf5 28. g4 Rf7 29. Kh2 Rc8 30. b4 b6 31. axb6 a5 32. Rd3 axb4 33. b7 Rb8 34. Rxd5 exd5 35. Qxd5 0-1

[Event "RUS-ch Boys U21 2021"]
[Site "Loo"]
[Date "2021.04.26"]
[Round "6.3"]
[White "Golikov, Daniil"]
[Black "Stukan, Martin"]
[Result "1-0"]
[ECO "E73"]
[WhiteElo "2250"]
[BlackElo "2390"]
[Annotator "NA"]
[PlyCount "43"]
[EventDate "2021.04.21"]
[EventType "swiss"]
[EventCountry "RUS"]
[SourceTitle "playchess.com"]
[Source "ChessBase"]
[SourceQuality "1"]
[TimeControl "40/5400+30:1800+30"]

1. d4 Nf6 2. c4 g6 3. Nc3 Bg7 4. e4 d6 5. Be2 O-O 6. Bg5 Na6 7. Qd2 c6 8. Rd1 Nc7 9. Bf3 Rb8 10. Nge2 Be6 11. d5 Bd7 12. c5 dxc5 13. d6 exd6 14. Qxd6 Nce8 15. Qd2 h6 16. Bf4 Rc8 17. e5 Nd5 18. Bxd5 cxd5 19. Qxd5 Rc7 20. e6 Nf6 21. Qe5 Ne8 22. e7 1-0

[Event "RUS-ch Boys U21 2021"]
[Site "Loo"]
[Date "2021.04.26"]
[Round "6.4"]
[White "Vetokhin, Savva"]
[Black "Obgolts, Erik"]
[Result "1/2-1/2"]
[ECO "B06"]
[WhiteElo "2261"]
[BlackElo "2414"]
[Annotator "NA"]
[PlyCount "204"]
[EventDate "2021.04.21"]
[EventType "swiss"]
[EventCountry "RUS"]
[SourceTitle "playchess.com"]
[Source "ChessBase"]
[SourceQuality "1"]
[TimeControl "40/5400+30:1800+30"]

1. e4 g6 2. d4 Bg7 3. Nf3 d6 4. Bc4 c6 5. O-O d5 6. Bb3 Bg4 7. h3 Bxf3 8. Qxf3 Nf6 9. exd5 cxd5 10. Bg5 Ne4 11. Be3 Nc6 12. Rd1 O-O 13. Na3 Na5 14. Ba4 Qb6 15. Rab1 Rac8 16. c3 e6 17. Bf4 Nd6 18. Bxd6 Qxd6 19. Bc2 a6 20. Bd3 b5 21. Nc2 Nc4 22. Ne3 Nb6 23. a3 Rc7 24. h4 h5 25. g3 Nc4 26. Nf1 a5 27. Bxc4 Rxc4 28. Nd2 Rc7 29. Nb3 b4 30. cxb4 axb4 31. a4 Rc4 32. a5 Qa6 33. Qe2 Qa7 34. Qd3 Rfc8 35. Ra1 R8c6 36. Kg2 Bf8 37. Ra2 Bd6 38. Rda1 Ra6 39. Ra4 Qb7 40. Nd2 Rc8 41. Nb3 Rcc6 42. Kg1 Qc8 43. Kg2 Rc4 44. Kg1 Qc6 45. R4a2 Kg7 46. Re1 Ra8 47. Rea1 Ra6 48. Re1 Be7 49. Rea1 Bf6 50. Nc5 Ra8 51. Nb3 Qa6 52. Kg2 Qa7 53. Rd1 Qa6 54. Rda1 Ra7 55. Rd1 Qc6 56. Re1 Qd6 57. Rd1 Ra8 58. Kg1 Qa6 59. Kg2 Be7 60. Rda1 Bd6 61. Nd2 Rc6 62. Qxa6 Raxa6 63. Nb3 Kf6 64. Kf3 Ke7 65. Ke3 Rc2 66. Rc1 Rxc1 67. Nxc1 Kd7 68. Nb3 Kc6 69. Ra1 Kb5 70. Rc1 Rc6 71. Ra1 Bb8 72. Kd3 Ba7 73. f4 Bb8 74. Nc5 Ba7 75. Nb3 Rc8 76. Nd2 Rc7 77. Nb3 Ka6 78. Ra4 Rc4 79. Ra1 Rc6 80. Rg1 Kb5 81. Ra1 Rc8 82. Nd2 Bb8 83. Nb3 Bd6 84. Kd2 Ra8 85. Rc1 Ka4 86. Nc5+ Kb5 87. Nb3 Ra7 88. Kd3 Ka4 89. Nc5+ Kb5 90. Nb3 Rc7 91. Ra1 Rc6 92. Ke3 Bb8 93. Kd3 Ba7 94. Nd2 Rc7 95. Nb3 Rc8 96. Nd2 Re8 97. Nb3 Rc8 98. Nd2 Rc6 99. Nb3 Rc8 100. Rc1 Ka4 101. Nc5+ Bxc5 102. Rxc5 Kb3 1/2-1/2